 Dungeon Crawl Stone Soup version 0.31.0-9-g3a7656b989 (webtiles) character file.

Game seed: 5380041661504401614

98 qw the Shooter (level 4, -2/22 HPs)
             Began as a Spriggan Hunter on Feb 2, 2024.
             Splashed by a jelly's acid (9 damage)
             ... on level 4 of the Dungeon.
             The game lasted 00:00:07 (2086 turns).

qw the Shooter (Spriggan Hunter)                    Turns: 2086, Time: 00:00:08

Health: -2/22      AC: -2    Str: 13    XL:     4   Next: 43%
Magic:  5/5        EV: 20    Int: 10    God:
Gold:   110        SH:  0    Dex: 20    Spells: 3/3 levels left

rFire   + . .        a - +0 shortbow
rCold   . . .        (shield currently unavailable)
rNeg    . . .        c - +0 robe
rPois   .            (helmet restricted)
rElec   .            (no cloak)
rCorr   .            (gloves unavailable)
SInv    +            (boots unavailable)
Will    .....        (no amulet)
Stlth   ++           e - +6 ring of strength
HPRegen 0.23/turn    i - ring of protection from fire
MPRegen 0.09/turn

%: no passive effects
@: corroded, very quick
A: very small, no large weapons, unfitting armour, see invisible, speed 3
a: no special abilities


You were on level 4 of the Dungeon.
You visited 1 branch of the dungeon, and saw 4 of its levels.

You collected 110 gold pieces.


Innate Abilities, Weirdness & Mutations

You are very small and have problems with some larger weapons.
You are too small for most types of armour.
You have supernaturally acute eyesight. (SInv)
You cover ground extremely quickly. (Speed+++)


   Skills:
 - Level 1.5 Fighting
 - Level 5.0 Ranged Weapons
 + Level 4.8 Dodging
 - Level 1.5 Stealth


You had 3 spell levels left.
You didn't know any spells.
Your spell library was empty.

Inventory:

Hand Weapons
 a - a +0 shortbow (weapon)
Armour
 c - a +0 robe (worn)
Jewellery
 e - a +6 ring of strength (left hand)
 i - a ring of protection from fire (right hand)
Scrolls
 f - a scroll of teleportation
Potions
 b - a potion of enlightenment
 d - a potion of haste {unknown}
 g - a potion of resistance {unknown}

Dungeon Overview and Level Annotations

Branches:
Dungeon (4/15)
 Temple: D:4-7

Altars:


Message History

You shoot an arrow. The arrow hits the jackal.
The jackal is almost dead.
The jackal completely misses you.
You shoot an arrow. The arrow hits the jackal.
You kill the jackal!
Done exploring.
What level of the Dungeon? (default 4, ? - help)
There is a stone staircase leading down here.
You climb downwards.
There is a stone staircase leading up here.
A quokka is nearby!
Waypoint 3 assigned to D:4.
You shoot an arrow. The arrow hits the quokka!
You kill the quokka!
Found a hand axe.
Found a hand axe.
An adder comes into view.
You shoot an arrow. The arrow hits the adder!
The adder hisses angrily.
The adder is almost dead.
A jelly comes into view.
You shoot an arrow. The arrow barely misses the adder.
The adder bites you. The jelly closely misses you.
You shoot an arrow. The arrow hits the adder.
You kill the adder!
The jelly barely misses you.
You shoot an arrow. The arrow hits the jelly.
The jelly is lightly wounded.
The jelly barely misses you.
You shoot an arrow.
The arrow hits the jelly but does no damage.
The jelly is lightly wounded.
The jelly hits you. The acid corrodes you!
You are splashed with acid!
You shoot an arrow.
The arrow hits the jelly but does no damage.
The jelly is lightly wounded.
The jelly misses you.
You shoot an arrow. The arrow hits the jelly!
The jelly is severely wounded.
The jelly hits you.
You are splashed with acid!
You die...

.### #.....
)..... #..... #
#..... ###.## #..
..###J.)..#
#.###.#@%....#
##.....#.....#
#......#......#
...#..<..#.....##
#......#.###.#
#.....###. .
..#.###.# ..
..### ..#.. ###
..#


You could see a jelly.

Vanquished Creatures
  3 adders
  3 dart slugs (D:1)
  An orc (D:3)
  5 ball pythons
  5 bats
  7 endoplasms
  3 goblins
  3 hobgoblins
  8 jackals (D:3)
  10 kobolds
  3 quokkas
  3 frilled lizards
  7 rats
61 creatures vanquished.

Notes
Turn   | Place    | Note
-------+----------+-------------------------------------------
     0 | D:1      | qw the Spriggan Hunter began the quest for the Orb.
     0 | D:1      | Reached XP level 1. HP: 10/10 MP: 2/2
     0 | D:1      | 0 ||| qw: Version: 0.3-a-155-g5e7d8dd
     0 | D:1      | 0 ||| qw: Game counter: 2740
     0 | D:1      | 0 ||| qw: Melee chars always use a shield: true
     0 | D:1      | 0 ||| qw: God list: Okawaru
     0 | D:1      | 0 ||| qw: Allow faded altars: false
     0 | D:1      | 0 ||| qw: Do Orc after clearing Dungeon:15 true
     0 | D:1      | 0 ||| qw: Do second Lair branch before Depths: true
     0 | D:1      | 0 ||| qw: Lair rune preference: random
     0 | D:1      | 0 ||| qw: Goals: Normal
     0 | D:1      | 0 ||| PLANNING D:1-11
   118 | D:1      | Reached skill level 3 in Dodging
   214 | D:1      | Reached XP level 2. HP: 14/14 MP: 3/3
   585 | D:1      | 585 ||| UPGRADING to +6 ring of strength.
   586 | D:1      | 586 ||| READING scroll labelled SOICRI FELO.
   587 | D:1      | 587 ||| READING scroll labelled AGYXUH KUMORIE.
   588 | D:1      | 588 ||| DRINKING 2 amethyst potions.
   589 | D:1      | 589 ||| DROPPING scroll of butterflies.
   590 | D:1      | 590 ||| DROPPING potion of invisibility.
   737 | D:2      | Reached XP level 3. HP: 15/18 MP: 4/4
  1470 | D:2      | 1470 ||| READING scroll labelled TINUKIOFROEKH.
  1502 | D:2      | 1502 ||| READING scroll labelled QUATEMUCORCH.
  1554 | D:3      | Reached skill level 5 in Ranged Weapons
  1656 | D:3      | Reached XP level 4. HP: 22/22 MP: 5/5
  1954 | D:3      | 1954 ||| UPGRADING to ring of protection from fire.
  1955 | D:3      | 1955 ||| READING 2 scrolls labelled TIKIECV IKIDUT.
  1959 | D:3      | 1959 ||| READING scroll labelled JECIUNK YRPHUACYIN.
  1959 | D:3      | 1959 ||| IDENTIFYING pink potion
  1960 | D:3      | 1960 ||| READING scroll labelled SORGHE YKHOPYK.
  1962 | D:3      | 1962 ||| Stepping ~*~*~tactically~*~*~ (cloud).
  1999 | D:3      | 1999 ||| FLEEEEING.
  2003 | D:3      | 2003 ||| FLEEEEING.
  2004 | D:3      | 2004 ||| FLEEEEING.
  2005 | D:3      | 2005 ||| FLEEEEING.
  2006 | D:3      | 2006 ||| FLEEEEING.
  2007 | D:3      | 2007 ||| FLEEEEING.
  2008 | D:3      | 2008 ||| FLEEEEING.
  2009 | D:3      | 2009 ||| FLEEEEING.
  2010 | D:3      | 2010 ||| FLEEEEING.
  2013 | D:3      | 2013 ||| FLEEEEING.
  2014 | D:3      | 2014 ||| FLEEEEING.
  2015 | D:3      | 2015 ||| FLEEEEING.
  2016 | D:3      | 2016 ||| FLEEEEING.
  2017 | D:3      | 2017 ||| FLEEEEING.
  2019 | D:3      | 2019 ||| FLEEEEING.
  2020 | D:3      | 2020 ||| FLEEEEING.
  2021 | D:3      | 2021 ||| FLEEEEING.
  2022 | D:3      | 2022 ||| STAIRDANCE
  2086 | D:4      | Splashed by a jelly's acid

Levels and vault maps discovered:
D:1:      roadster_arrival_rocket_large, layout_loops_ring, grunt_decor_fettered
D:2:      minmay_wonky_spiral, layout_loops_corners
D:3:      layout_rooms
D:4:      nicolae_BIG_FREAKIN_CUBE, layout_basic,
          amethyst_overflow_temple_binary

Skill      XL: |  1  2  3 |
---------------+----------+-----
Dodging        | 3 4 |  4.8
Ranged Weapons | 5 |  5.0
Fighting       | |  1.5
Stealth        | |  1.5

Action                     |  1- 3 |  4- 6 || total
---------------------------+-------+-------++-------
   Fire: Shortbow          |    94 |    61 ||   155
    Use: Scroll            |     4 |     3 ||     7
         Potion            |     1 |       ||     1
 Armour: Robe              |     4 |    11 ||    15
  Dodge: Dodged            |    24 |    45 ||    69

Table legend:
 A = Non-vault XP
 B = Vault XP
 C = Vault XP percentage of total XP
 D = Non-vault monster count
 E = Vault monster count
 F = Vault count percentage of total count
                 A         B        C        D         E       F
            +---------+---------+-------+---------+---------+-------
      Total |     134 |       6 |   4.3 |      58 |       3 |   4.9
            +---------+---------+-------+---------+---------+-------
        D:1 |      37 |       0 |   0.0 |      17 |       0 |   0.0
        D:2 |      35 |       6 |  14.6 |      18 |       3 |  14.3
        D:3 |      46 |       0 |   0.0 |      21 |       0 |   0.0
        D:4 |      16 |       0 |   0.0 |       2 |       0 |   0.0
            +---------+---------+-------+---------+---------+-------
